 Dungeon Crawl Stone Soup version 0.27-a0-860-gaf99fae3ca (webtiles) character file.

Game seed: 9262091519318433501

114 spiderkeys the Sneak (level 4, 0/36 HPs)
             Began as a Demigod Wanderer on Apr 2, 2021.
             Engulfed by a steam dragon's steam (13 damage)
             ... on level 4 of the Dungeon.
             The game lasted 00:05:46 (3531 turns).

spiderkeys the Sneak (Demigod Wanderer)             Turns: 3531, Time: 00:05:46

Health: 0/36       AC:  3    Str: 12    XL:     4   Next: 40%
Magic:  9/9        EV: 11    Int: 14    God:
Gold:   88         SH:  0    Dex: 18    Spells: 5/6 levels left

rFire    . . .     SeeInvis .   j - +0 rapier
rCold    . . .     Faith    .   (no shield)
rNeg     . . .     Spirit   .   i - +0 leather armour
rPois    .         Reflect  .   (no helmet)
rElec    .         Harm     .   (no cloak)
rCorr    +         Rampage  .   (no gloves)
Will     .....                  (no boots)
Stlth    ++........             (no amulet)
HPRegen  0.12/turn              c - ring of resist corrosion
MPRegen  0.11/turn              (no ring)

@: no status effects
A: high mp 1, forlorn
a: no special abilities


You were on level 4 of the Dungeon.
You visited 1 branch of the dungeon, and saw 4 of its levels.

You collected 88 gold pieces.

Inventory:

Hand Weapons
 j - a +0 rapier (weapon)
Armour
 i - a +0 leather armour (worn)
Jewellery
 a - a ring of fire
 c - a ring of resist corrosion (left hand)
 g - a ring of wizardry
 l - an amulet of faith
Scrolls
 h - 2 scrolls of identify {unknown}
 k - 3 scrolls of enchant weapon {unknown}
 n - a scroll of teleportation {unknown}
 o - a scroll of magic mapping {unknown}
Potions
 b - a potion of haste
 d - a potion of might {unknown}
 e - 2 potions of degeneration {unknown}
 f - a potion of heal wounds {unknown}
 m - a potion of mutation {unknown}


   Skills:
 + Level 1.9 Fighting
 + Level 3.2 Short Blades
 + Level 1.5 Dodging
 + Level 3.3 Stealth
 - Level 1.7 Spellcasting
 + Level 1.4 Translocations
 - Level 1.0 Transmutations


You had 5 spell levels left.
You knew the following spells:

 Your Spells              Type           Power      Damage    Failure   Level
a - Apportation           Tloc           10%        N/A       17%         1

Your spell library contained the following spells:

 Spells                   Type           Power      Damage    Failure   Level
 Sandblast                Erth           2%         2d4       30%         1
 Passwall                 Tmut/Erth      1%         N/A       36%         2
 Gell's Gravitas          Tloc           2%         N/A       45%         3
 Teleport Other           Tloc           5%         N/A       45%         3
 Confusing Touch          Hex            1%         N/A       67%         3
 Stone Arrow              Conj/Erth      2%         3d7       67%         3
 Petrify                  Tmut/Erth      2%         N/A       94%         4
 Lee's Rapid Deconstruct  Erth           0%         3d5*      100%        5
 Metabolic Englaciation   Hex/Ice        0%         N/A       100%        5
 Yara's Violent Unravell  Hex/Tmut       1%         3d3       100%        5


Dungeon Overview and Level Annotations

Branches:
Dungeon (4/15)
 Temple: D:4-7

Annotations:
D:2 Sigmund


Innate Abilities, Weirdness & Mutations

Your attributes grow dramatically as you level up.
You have an increased reservoir of magic. (+10% MP)
You shall have no god before yourself.


Message History

The jackal is moderately wounded.
The jackal bites you.
You hit the jackal.
You kill the jackal!
The jackal closely misses you.
You puncture the jackal!
You kill the jackal!
You hit the jackal.
The jackal is almost dead.
The jackal closely misses you. The jackal barely misses you.
You closely miss the jackal.
The jackal is almost dead.
The jackal pauses to sniff the ground.
The jackal bites you.
You hit the jackal.
You kill the jackal!
No target in view!
No target in view!
You see here a jackal corpse.
You see here a jackal corpse.
A steam dragon and a kobold come into view.
There are monsters nearby!
There are monsters nearby!
Found an escape hatch in the ceiling.
The kobold shouts!
An adder comes into view.
The adder hisses angrily.
You closely miss the steam dragon. The steam dragon bites you.
The steam dragon claws you.
You hit the steam dragon but do no damage.
The steam dragon breathes steam at you. The ball of steam hits you!
You are too injured to fight recklessly!
You are too injured to fight recklessly!
You are engulfed in a cloud of scalding steam.
The steam dragon closely misses you.
The steam dragon claws you but does no damage.
There is an escape hatch in the ceiling here.
You are engulfed in a cloud of scalding steam.
You die...

##.##
#...#
#.8.#
#...###
##.##.#
# #.# .#
#..
#.##.#
#..#.§§#
#§§§@#
####D#
#K# #S#
#.# ..#
... .##


You could see a steam dragon (catching breath), an adder and a kobold.

Vanquished Creatures
  A centaur skeleton (D:4)
  3 adders
  A worm (D:3)
  A dart slug (D:3)
  An orc (D:3)
  4 ball pythons
  4 endoplasms
  A giant cockroach (D:4)
  2 goblins (D:1)
  4 hobgoblins
  9 jackals
  3 kobolds (D:1)
  A quokka (D:1)
  6 bats
  3 frilled lizards (D:1)
  4 rats
48 creatures vanquished.

Vanquished Creatures (others)
  6 plants (D:1)
6 creatures vanquished.

Grand Total: 54 creatures vanquished

Notes
Turn   | Place    | Note
-------+----------+-------------------------------------------
     0 | D:1      | spiderkeys the Demigod Wanderer began the quest for the
                  | Orb.
     0 | D:1      | spiderkeys set off with the following items: a +2 dagger, a
                  | potion of haste, a +0 short sword, a +0 robe; and the
                  | following spell memorised: Apportation; and the following
                  | spells available to memorise: Teleport Other
     0 | D:1      | Reached XP level 1. HP: 16/16 MP: 5/5
   489 | D:1      | Reached XP level 2. HP: 23/23 MP: 7/7
  1613 | D:2      | Reached XP level 3. HP: 5/28 MP: 8/8
  1917 | D:2      | Reached skill level 1 in Dodging
  1917 | D:2      | Reached skill level 1 in Translocations
  2091 | D:2      | Noticed Sigmund
  3347 | D:4      | Reached XP level 4. HP: 36/36 MP: 9/9
  3523 | D:4      | Noticed a steam dragon
  3531 | D:4      | Engulfed by a steam dragon's steam

Illustrated notes

Levels and vault maps discovered:
D:1:      dpeg_arrival_line_fractal, layout_basic, serial_bayou,
          serial_bayou_lagoon_b, serial_bayou_shore_a, serial_bayou_pond_a,
          serial_bayou_pond_c
D:2:      layout_loops_ring, basic_ecumenical_altar, uniq_sigmund
D:3:      layout_rooms
D:4:      layout_loops_ring, elyvilon_altar_1, minmay_temple_entry_grid

Skill      XL: |  1  2  3 |
---------------+----------+-----
Stealth        | 3 |  3.3
Short Blades   | 3 |  3.2
Dodging        | 1 |  1.5
Translocations | 1 |  1.4
Fighting       | |  1.9
Spellcasting   | |  1.7
Transmutations | |  1.0

Action                   |  1- 3 |  4- 6 || total
-------------------------+-------+-------++-------
Melee: Dagger            |    77 |       ||    77
       Rapier            |    64 |    27 ||    91
  Use: Scroll            |     1 |       ||     1
 Stab: Sleeping          |     4 |       ||     4
Armor: Robe              |    10 |       ||    10
       Leather armour    |    32 |     9 ||    41
Dodge: Dodged            |    90 |    25 ||   115

Table legend: (Time is in decaauts)
 A = Elapsed time spent in this place.
 B = Non-inter-level travel time spent in this place.
 C = Inter-level travel time spent in this place.
 D = Time resting spent in this place.
 E = Time spent auto-exploring this place.
 F = Levels seen in this place.
 G = Mean time per level.
                   A        B        C        D        E       F      G
               +--------+--------+--------+--------+--------+-----+--------+
         Total |   3558 |   3472 |     86 |    629 |   2299 |   4 |  889.5 |
       Dungeon |   3558 |   3472 |     86 |    629 |   2299 |   4 |  889.5 |
               +--------+--------+--------+--------+--------+-----+--------+

Top non-repeatable levels by time:
     D:1: 2027 daAuts
     D:3: 677 daAuts
     D:2: 636 daAuts
     D:4: 217 daAuts
